 Seeded DCSS version 0.29-a0-555-g3b24f45cc1 (webtiles) character file.

Game seed: 20220606 (custom seed)

863 nrs142 the Chopper (level 7, 0/63 HPs)
             Began as a Minotaur Monk on June 6, 2022.
             Was an Initiate of Ashenzari.
             Slain by a troll (3 damage)
             ... on level 6 of the Dungeon on June 7, 2022.
             The game lasted 00:10:27 (5263 turns).

nrs142 the Chopper (Minotaur Monk)                  Turns: 5263, Time: 00:10:28

Health: 0/63       AC:  7    Str: 18    XL:     7   Next: 72%
Magic:  6/6        EV: 11    Int:  7    God:    Ashenzari [......]
Gold:   90         SH:  0    Dex: 12    Spells: 6/6 levels left

rFire   . . .      SeeInvis .   y - +2 war axe (vorpal)
rCold   . . .      Faith    .   (no shield)
rNeg    . . .      Spirit   .   s - +0 scale mail
rPois   .          Reflect  .   (helmet restricted)
rElec   .          Harm     .   n - scarf {+Inv}
rCorr   .          Rampage  .   l - +0 pair of gloves
Will    .....                   (no boots)
Stlth   +.........              m - amulet of magic regeneration
HPRegen 0.20/turn               (no ring)
MPRegen 0.50/turn               (no ring)

@: no status effects
A: horns 2, retaliatory headbutt
a: Renounce Religion, Evoke Invisibility, Curse Item


You were on level 6 of the Dungeon.
You worshipped Ashenzari.
Ashenzari was noncommittal.
You visited 2 branches of the dungeon, and saw 7 of its levels.

You collected 296 gold pieces.
You spent 206 gold pieces at shops.

Inventory:

Hand Weapons
 a - a +0 hand axe
 f - a +1 broad axe
 y - a +2 vorpal war axe (weapon)
Armour
 l - a +0 pair of gloves (worn)
 n - a scarf of invisibility (worn)
 s - a +0 scale mail (worn)
Jewellery
 m - an amulet of magic regeneration (around neck)
Scrolls
 d - a scroll of identify
 p - 5 scrolls of teleportation
Potions
 c - a potion of ambrosia
 e - a potion of resistance {unknown}
 g - 2 potions of haste {unknown}
 h - a potion of lignification
 i - a potion of might
 j - 2 potions of brilliance
 r - a potion of invisibility
 t - a potion of berserk rage
 u - 2 potions of curing
 w - a potion of cancellation
 x - a potion of mutation
 z - a potion of flight


   Skills:
 + Level 6.3 Fighting
 + Level 6.4 Axes
 + Level 5.9 Dodging
 + Level 4.2 Stealth


You had 6 spell levels left.
You didn't know any spells.
Your spell library contained the following spells:

 Spells                   Type           Power      Damage    Failure   Level
 Slow                     Hex            0%         N/A       85%         1
 Ensorcelled Hibernation  Hex/Ice        0%         N/A       94%         2
 Passwall                 Tmut/Erth      0%         N/A       94%         2
 Confusing Touch          Hex            0%         N/A       99%         3
 Swiftness                Air            0%         N/A       99%         3
 Vampiric Draining        Necr           0%         2d6       99%         3
 Yara's Violent Unravell  Hex/Tmut       0%         3d3       100%        5
 Enfeeble                 Hex            0%         N/A       100%        7


Dungeon Overview and Level Annotations

Branches:
Dungeon (6/15)             Temple (1/1) D:4

Altars:
Ashenzari
Cheibriados
Hepliaklqana
Ru
Sif Muna
Trog
Uskayaw
Vehumet
Xom
Yredelemnul
The Shining One
Beogh

Shops:
D:3 (

Annotations:
D:5 2 transporters


Innate Abilities, Weirdness & Mutations

You have a pair of horns on your head.
You reflexively headbutt those who attack you in melee.


Message History

You feel sick.
No target in view!
You start resting.
You feel sick. x5
You are no longer poisoned.
You start resting.
HP restored.
e - a bubbling dark potion You now have 90 gold pieces (gained 16).
g - 2 black potions A troll comes into view.
The troll shouts!
The troll attacks as you move away! The troll barely misses you.
The troll claws you but does no damage. The troll claws you.
You slash the troll!
The troll is moderately wounded.
The troll bites you. The troll claws you.
The troll claws you but does no damage. The troll bites you!
The troll closely misses you. The troll misses you.
You hit the troll.
The troll is moderately wounded.
The troll bites you! The troll barely misses you.
The troll claws you but does no damage.
You hit the troll. You headbutt the troll.
The troll is heavily wounded.
The troll bites you!
* * * LOW HITPOINT WARNING * * *
The troll claws you but does no damage. The troll closely misses you.
You feel much better. The troll bites you!
* * * LOW HITPOINT WARNING * * *
The troll claws you.
* * * LOW HITPOINT WARNING * * *
The troll barely misses you.
You slash the troll!
The troll is almost dead.
The troll bites you.
* * * LOW HITPOINT WARNING * * *
The troll claws you.
* * * LOW HITPOINT WARNING * * *
The troll claws you.
You die...

########### #.........#
#### #.........#
#...###.........#
+...+...........#
##...###.........#
.......#.#...##############
#......#...#..@T...........
#.###.........#####.#######
#.....<.......# #..#
#..#..........# ....# .
#...#+#######....# #...#
#.....# ...... #....##
.##.#.# #.... #+#.# #..##


You could see a troll.

Vanquished Creatures
  A black bear (D:5)
  An ogre (D:5)
  A phantom (D:5)
  Blork the orc (D:5)
  A bullfrog (D:4)
  A scorpion (D:6)
  A howler monkey (D:3)
  A gnoll shaman (D:5)
  An orc wizard (D:4)
  Robin (D:3)
  12 gnolls (D:5)
  12 adders
  3 worms
  3 dart slugs
  4 orcs
  5 endoplasms
  2 giant cockroaches
  17 goblins
  6 hobgoblins
  2 quokkas
  4 ball pythons
  3 bats
  A frilled lizard (D:1)
  5 kobolds
  6 rats
95 creatures vanquished.

Notes
Turn   | Place    | Note
-------+----------+-------------------------------------------
     0 | D:1      | nrs142 the Minotaur Monk began the quest for the Orb.
     0 | D:1      | Reached XP level 1. HP: 19/19 MP: 0/0
   467 | D:1      | Reached XP level 2. HP: 27/27 MP: 1/1
   504 | D:1      | Found a faded altar of an unknown god.
  1172 | D:2      | Reached XP level 3. HP: 22/33 MP: 2/2
  1857 | D:3      | Noticed Robin
  1862 | D:3      | Reached XP level 4. HP: 37/40 MP: 3/3
  1867 | D:3      | Killed Robin
  2018 | D:3      | Reached XP level 5. HP: 47/47 MP: 4/4
  2220 | D:3      | Found Watic Nimeh's Weapon Shoppe.
  2678 | D:4      | Found a staircase to the Ecumenical Temple.
  2679 | D:4      | Upgraded the game from 0.29-a0-553-g81b289dbe5 to
                  | 0.29-a0-555-g3b24f45cc1
  2739 | D:4      | Reached skill level 5 in Axes
  2935 | D:4      | Reached skill level 5 in Fighting
  2953 | D:4      | Found a broken altar of Ashenzari.
  2958 | D:4      | Became a worshipper of Ashenzari the Shackled
  3060 | D:4      | Reached XP level 6. HP: 56/56 MP: 5/5
  3252 | D:3      | Bought a +2 vorpal war axe for 206 gold pieces
  3295 | Temple   | Entered the Ecumenical Temple
  3438 | D:5      | Entered Level 5 of the Dungeon
  3479 | D:5      | Reached skill level 5 in Dodging
  3873 | D:5      | Noticed Blork the orc
  3878 | D:5      | Killed Blork the orc
  3915 | D:5      | Noticed a +0 dagger
  3915 | D:5      | Noticed a +0 dagger
  3915 | D:5      | Noticed a +0 falchion
  3916 | D:5      | Noticed a +0 short sword
  3916 | D:5      | Noticed a +0 spear
  3916 | D:5      | Noticed a +0 spear
  3916 | D:5      | Noticed a +0 short sword
  3916 | D:5      | Noticed a +0 falchion
  3922 | D:5      | Found a hide-covered altar of Uskayaw.
  3975 | D:5      | Reached XP level 7. HP: 52/61 MP: 6/6
  4620 | D:5      | Found a transporter.
  4697 | D:5      | Found a transporter.
  5251 | D:6      | Noticed a troll
  5263 | D:6      | HP: 3/63 [troll (4)]
  5263 | D:6      | Slain by a troll

Illustrated notes

Levels and vault maps discovered:
D:1:      dpeg_arrival_lava_temple_mockup, layout_loops_ring,
          hellmonk_ecumenical_altar_defaced_shrine
D:2:      minmay_general_purpose_star, layout_rooms
D:3:      layout_rooms, serial_rivers, chequers_serial_rivers_micro_c,
          chequers_serial_rivers_small_b, chequers_serial_rivers_large_a,
          chequers_serial_rivers_small_b, chequers_serial_rivers_room_b,
          chequers_serial_rivers_micro_a, serial_shops, shop, uniq_robin
D:4:      layout_gridville, lemuel_doored_altar, minmay_temple_entry_ruins
D:5:      gammafunk_wand_slinger, layout_basic, nicolae_uskayaw_en_pointe,
          uniq_blork_the_orc
D:6:      minmay_opposing_rooms, layout_basic, nicolae_overflow_hidden_temple,
          gammafunk_temple_overflow_statue
Temple:   nicolae_temple_figure_zero

Skill      XL: |  1  2  3  4  5  6  7 |
---------------+----------------------+-----
Fighting       | 4 5 6 |  6.3
Axes           | 4 5 6 |  6.4
Stealth        | 2 3 4 |  4.2
Dodging        | 4 5 |  5.9

Action                   |  1- 3 |  4- 6 |  7- 9 || total
-------------------------+-------+-------+-------++-------
Melee: Broad axe         |    63 |    53 |       ||   116
       Hand axe          |     8 |       |       ||     8
       Headbutt          |     7 |     7 |    14 ||    28
       Punch             |     2 |     1 |     2 ||     5
       War axe           |       |    24 |    61 ||    85
  Use: Scroll            |       |    15 |     3 ||    18
       Potion            |       |     1 |     5 ||     6
 Stab: Sleeping          |     2 |       |       ||     2
Armor: Robe              |    19 |     2 |       ||    21
       Scale mail        |       |    22 |    21 ||    43
Dodge: Dodged            |    47 |    64 |    50 ||   161

Table legend: (Time is in decaauts)
 A = Elapsed time spent in this place.
 B = Non-inter-level travel time spent in this place.
 C = Inter-level travel time spent in this place.
 D = Time resting spent in this place.
 E = Time spent auto-exploring this place.
 F = Levels seen in this place.
 G = Mean time per level.
                   A        B        C        D        E       F      G
               +--------+--------+--------+--------+--------+-----+--------+
         Total |   5345 |   5109 |    236 |    140 |   4050 |   7 |  763.6 |
       Dungeon |   5220 |   4991 |    229 |    140 |   3937 |   6 |  870.0 |
        Temple |    124 |    117 |      7 |      0 |    113 |   1 |  124.0 |
               +--------+--------+--------+--------+--------+-----+--------+

Top non-repeatable levels by time:
     D:5: 1666 daAuts
     D:1: 997 daAuts
     D:2: 812 daAuts
     D:4: 805 daAuts
     D:3: 804 daAuts
     D:6: 135 daAuts
  Temple: 124 daAuts
